 Dungeon Crawl Stone Soup version 0.31-a0-145-g046c7d2549 (webtiles) character file.

Game seed: 14469222398442880069

175172 wayreth the Warrior (level 17, -1/156 HPs)
             Began as a Demonspawn Berserker on June 6, 2023.
             Was a High Priest of Trog.
             Killed from afar by a nagaraja (10 damage)
             ... with a bolt of poison
             ... on level 4 of the Snake Pit.
             The game lasted 02:07:23 (27786 turns).

wayreth the Warrior (Demonspawn Berserker)         Turns: 27786, Time: 02:07:24

Health: -1/156     AC: 29    Str: 25    XL:     17   Next: 46%
Magic:  17/17      EV: 23    Int: 10    God:    Trog [*****.]
Gold:   2675       SH:  0    Dex: 14    Spells: 16/16 levels left

rFire   + . .        s - +3 executioner's axe (vamp)
rCold   . . .        (shield currently unavailable)
rNeg    . . .        Z - +2 plate armour {rPois}
rPois   +            t - +0 hat of Sunlight {rCorr Int+2 Slay+2 Stlth-}
rElec   .            W - +1 cloak
rCorr   +            M - +1 pair of gloves
SInv    .            G - +2 pair of boots
Will    +....        l - amulet of faith Stlth
                     q - +5 ring of evasion
HPRegen 0.46/turn    C - +4 ring of slaying
MPRegen 0.15/turn

%: random rage (3%), faith
@: mighty, agile, lethally poisoned (-1 -> -4), untranslocatable, on berserk
cooldown, hasted and slowed
A: molten scales 3, ignite blood 2, powered by pain 1, bedeviling, weakness
stinger 2, horns 1, berserk 1, screaming 1, wild magic 1
a: Renounce Religion, Berserk, Trog's Hand, Brothers in Arms


You were on level 4 of the Snake Pit.
You worshipped Trog.
Trog was extremely pleased with you.
You visited 4 branches of the dungeon, and saw 25 of its levels.

You collected 3053 gold pieces.
You spent 378 gold pieces at shops.

Inventory:

Hand Weapons
 d - a +2 spectral demon blade
 s - a +3 vampiric executioner's axe (weapon)
 H - a +3 antimagic battleaxe
 Q - a +5 heavy war axe
Armour
 a - the +2 scale mail of the Nexus {+Blink Str+6 Int-3}
   (You found it on level 5 of the Dungeon)

   Str:       It affects your strength (+6).
   Int:       It affects your intelligence (-3).
   +Blink:    It lets you blink.
 t - the +0 hat of Sunlight (worn) {rCorr Int+2 Slay+2 Stlth-}
   (You found it on level 3 of the Dungeon)

   Int:       It affects your intelligence (+2).
   Slay:      It affects your accuracy & damage with ranged weapons and melee
   (+2).
   rCorr:     It protects you from acid and corrosion.
   Stlth:     It makes you less stealthy.
 G - a +2 pair of boots (worn)
 M - a +1 pair of gloves (worn)
 W - a +1 cloak (worn)
 Z - a +2 plate armour of poison resistance (worn)
Jewellery
 l - an amulet of faith (around neck)
 p - the amulet "Sunub" {RegenMP rElec Slay+3}
   (You found it on level 4 of the Lair of Beasts)

   [amulet of magic regeneration]

   It increases your rate of magic regeneration.
   Slay:      It affects your accuracy & damage with ranged weapons and melee
   (+3).
   rElec:     It insulates you from electricity.
 q - a +5 ring of evasion (left hand)
 w - an amulet of regeneration
 C - a +4 ring of slaying (right hand)
 E - a ring of positive energy
 K - the ring "Puaduz" {rC+ SInv}
   (You found it on level 10 of the Dungeon)

   [ring of see invisible]

   rC:        It protects you from cold.
   SInv:      It lets you see invisible.
 O - the amulet "Zinibaobbi" {Spirit rElec rC+ Slay+5}
   (You found it on level 1 of the Lair of Beasts)

   [amulet of guardian spirit]

   It causes incoming damage to be divided between your reserves of health and
   magic.
   Slay:      It affects your accuracy & damage with ranged weapons and melee
   (+5).
   rC:        It protects you from cold.
   rElec:     It insulates you from electricity.
 V - the amulet of Morogubo {Faith SInv}
   (You found it on level 5 of the Lair of Beasts)

   [amulet of faith]

   It allows you to gain divine favour quickly.
   SInv:      It lets you see invisible.
 X - a ring of see invisible
Wands
 b - a wand of flame (17)
 h - a wand of roots (5)
 m - a wand of mindburst (8)
Scrolls
 c - 2 scrolls of magic mapping
 g - 5 scrolls of fog
 i - 3 scrolls of fear
 j - a scroll of enchant weapon
 r - 9 scrolls of identify
 x - 2 scrolls of blinking {unknown}
 z - 5 scrolls of torment
 B - 6 scrolls of summoning
 D - a scroll of acquirement {unknown}
 F - 4 scrolls of immolation
 Y - 2 scrolls of brand weapon
Potions
 f - 5 potions of lignification
 k - 7 potions of attraction
 o - 2 potions of cancellation
 u - a potion of might
 J - 4 potions of ambrosia
 N - 3 potions of resistance
 R - 3 potions of invisibility {unknown}
 T - 2 potions of enlightenment


   Skills:
 * Level 20.4 Fighting
 - Level 16.1 Axes
 - Level 11.4 Armour
 + Level 13.2 Dodging
 - Level 0.4 Evocations


You had 16 spell levels left.
You didn't know any spells.
Your spell library was empty.

Dungeon Overview and Level Annotations

Branches:
Dungeon (14/15)            Temple (0/1) D:6            Lair (5/5) D:10
 Shoals (0/4) Lair:3        Snake (4/4) Lair:2          Orc (2/2) D:10
    Elf (0/3) Orc:2        Vaults (0/5) D:13
  Slime: Lair:4-5

Altars:
Ashenzari
Cheibriados
Gozag
Hepliaklqana
Kikubaaqudgha
Nemelex Xobeh
Ru
Sif Muna
Wu Jian
Yredelemnul

Shops:
D:2 *   D:11 **   Orc:2 :[((   Snake:3 (

Annotations:
Lair:4 exclusion: oklob plant


Innate Abilities, Weirdness & Mutations

You are completely covered in molten scales. (AC +4, rF+)
Your demonic aura often causes spilled blood to erupt in flames.
You sometimes gain a little power by taking damage.
Your hexes are more powerful.
You have a tail ending in a sharp stinger.
You have a pair of small horns on your head.
You sometimes lose your temper in combat.
You occasionally shout uncontrollably at your foes.
Your spells are a little harder to cast, but a little more powerful.


Message History

You feel very sick. The nagaraja spits poison at you.
The splash of poison hits your iron troll.
Your iron troll looks even sicker.
The nagaraja is engulfed in blazing flames.
The nagaraja hits your iron troll with a +0 club.
The nagaraja constricts your iron troll.
The nagaraja gestures at you while chanting.
The poison arrow hits your iron troll!!
Your iron troll looks as sick as possible!
Your iron troll dies!
Your iron troll's corpse disappears in a puff of smoke!
The salamander tyrant calls gouts of flame from the lava!
The flame surge hits you! You resist.
* * * LOW HITPOINT WARNING * * *
The nagaraja shouts!
You feel very sick.
The nagaraja is engulfed in blazing flames.
The naga sharpshooter mumbles some strange words.
The nagaraja spits poison at you.
The splash of poison hits you but does no damage.
You resist.
You see here a +0 halberd.
Okay, then.
Okay, then.
Okay, then.
As you read the scroll of teleportation, it crumbles to dust.
You feel strangely unstable.
You feel very sick.
The black mamba is engulfed in blazing flames. x2
The nagaraja attacks as you move away! The nagaraja closely misses you.
You feel sick.
The nagaraja gestures at you while chanting.
You feel firmly anchored in space.
Your teleport is interrupted.
Your troll goes berserk!
You feel sick.
You feel sick.
The nagaraja gestures at you while chanting.
The bolt of poison hits you! You resist.
You die...

.............................#.##
...............8...8.........#..#
###...........##...##........#...
#.'#..........##.≈.##..........##
...#......#####.[≈..#####........
#..#.....##..##..≈..##..##.......
#.##..####.(.....†)N†SN..####....
#'#..## ......8.).N)8NN.....##...
.....# .#....#.@.)T#....#...#...
.....# ##..###...###..## #...
....## #... ##'## #^..# ##..
....# #.. ##.)[###...# #.. ...##
##. #.....###.## ##. ..## #..8..#
N. ## .## ##...## ... # ## ##'##
.## .# ##...##


You could see 2 nagarajas, a naga sharpshooter, 2 salamander tyrants, a black
mamba and a friendly troll (summoned, berserk).

Vanquished Creatures
  Rupert (Lair:3)
  Asterion (Snake:2)
  The ghost of Douf the Warrior, an adept MiBe of Trog (Snake:1)
  2 quicksilver dragons (Snake:4)
  A sphinx (D:14)
  The ghost of bmj180 the Thaumaturge, an adept MfIE of Vehumet (Snake:3)
  3 nagarajas (Snake:4)
  The ghost of Unotosimoa the Bludgeoner, an adept GrFi of Gozag (Snake:1)
  2 frost giants
  Aizul (Snake:1)
  A minotaur (Lair:2)
  Snorg (Lair:3)
  The ghost of Vorhees the Basher, a journeyman GrFi of Gozag (Lair:2)
  An ettin (D:14)
  4 vault guards (D:13)
  4 hydras
  6 salamander tyrants
  7 ogre magi
  10 death yaks
  11 anacondas
  3 centaur warriors
  8 boulder beetles
  A merfolk avatar (Lair:5)
  A death knight (D:13)
  3 tengu warriors
  15 two-headed ogres
  An orc high priest (Orc:1)
  4 naga warriors
  5 shock serpents
  Urug (Lair:2)
  6 naga sharpshooters
  4 skysharks
  Amaemon (Lair:1)
  4 salamander mystics
  Lodul (D:14)
  3 skeletal warriors (D:14)
  3 naga ritualists
  A wizard (D:14)
  A deep elf archer (D:13)
  A phantasmal warrior (D:14)
  A harpy (shapeshifter) (D:14)
  8 mana vipers
  A necromancer (D:14)
  An orc knight (Orc:2)
  2 wolf spiders (Lair:4)
  The ghost of pk666 the Thaumaturge, a novice DEFE (D:6)
  2 deep elf pyromancers
  5 harpies
  An oklob plant (D:10)
  3 orc sorcerers
  5 cyclopes
  13 salamanders
  5 manticores
  4 elephants (Lair:5)
  6 slime creatures
  2 guardian serpents
  A torpor snail (Lair:1)
  Joseph (D:7)
  28 black mambas
  3 gargoyles
  A black mamba (shapeshifter) (D:12)
  4 molten gargoyles (D:10)
  13 naga magi
  An orange demon (Lair:1)
  4 rime drakes
  10 cane toads
  2 unseen horrors
  A yaktaur (D:14)
  9 komodo dragons
  A queen bee (Lair:3)
  6 meliai
  2 wind drakes (Lair:5)
  3 trolls
  3 polar bears
  3 hornets (Lair:5)
  32 blink frogs
  Sigmund (D:5)
  6 dream sheep
  62 yaks
  A wraith (D:13)
  A centaur simulacrum (D:12)
  2 shadows (D:12)
  A vampire (D:12)
  3 humans
  3 wyverns
  11 vampire mosquitoes
  4 basilisks
  5 steam dragons
  Menkaure (D:5)
  34 nagas
  A warg (Orc:1)
  2 acid dragons
  10 water moccasins
  Duvessa (D:4)
  A sky beast (D:8)
  22 orc warriors
  3 black bears
  17 wolves
  28 ogres
  3 centaurs
  2 phantoms
  Blork the orc (D:4)
  A kobold brigand (D:10)
  3 gnoll sergeants
  16 bullfrogs
  2 two-headed ogre simulacra (D:11)
  2 scorpions (D:4)
  8 wights
  Dowan (D:4)
  27 killer bees
  An electric eel (D:12)
  A lava snake (D:10)
  4 howler monkeys
  A hound (D:5)
  11 jellies
  13 orc priests
  2 sleepcaps (D:3)
  4 hell rats (Lair:3)
  2 iguanas (D:6)
  17 orc wizards
  2 spriggan simulacra (D:11)
  8 gnolls
  7 adders
  A naga simulacrum (D:11)
  A shadow imp (D:7)
  An ufetubus (D:4)
  4 worms
  12 dart slugs
  96 orcs
  22 endoplasms
  7 giant cockroaches
  13 goblins
  11 hobgoblins
  8 jackals
  4 quokkas
  5 ball pythons
  6 bats
  2 frilled lizards (D:2)
  A jackal zombie (D:4)
  7 kobolds
  4 rats
  A spectral weapon (Snake:2)
880 creatures vanquished.

Vanquished Creatures (collateral kills)
  A quicksilver ooze (Lair:5)
  A salamander tyrant (Snake:2)
  A vault guard (D:13)
  An anaconda (Snake:1)
  3 death yaks (Lair:4)
  2 naga sharpshooters (Snake:1)
  A deep elf knight (D:13)
  A skyshark (Lair:4)
  A naga ritualist (Snake:4)
  A mana viper (Snake:1)
  An orc sorcerer (D:13)
  4 black mambas
  3 cane toads
  A komodo dragon (Lair:4)
  2 blink frogs (Lair:4)
  A slime creature (Lair:5)
  A steam dragon (Lair:5)
  2 wolves (Lair:4)
28 creatures vanquished.

Vanquished Creatures (others)
  2 orcs
2 creatures vanquished.

Grand Total: 910 creatures vanquished

Notes
Turn   | Place    | Note
-------+----------+-------------------------------------------
     0 | D:1      | wayreth the Demonspawn Berserker began the quest for the
                  | Orb.
     0 | D:1      | Reached XP level 1. HP: 18/18 MP: 1/1
   158 | D:1      | Gained mutation: You are partially covered in molten
                  | scales. (AC +2) [demonic ancestry]
   158 | D:1      | Reached XP level 2. HP: 24/24 MP: 2/2
   511 | D:1      | Found a faded altar of an unknown god.
   648 | D:1      | Reached ** piety under Trog
   649 | D:1      | Gained mutation: Your demonic aura sometimes causes spilled
                  | blood to erupt in flames. [demonic ancestry]
   649 | D:1      | Reached XP level 3. HP: 30/30 MP: 3/3
  1198 | D:2      | Reached skill level 4 in Fighting
  1298 | D:2      | You fall into a shaft and drop 1 floor!
  1328 | D:2      | Found Dod Bujo's Assorted Antiques.
  1818 | D:3      | Gained mutation: You are mostly covered in molten scales.
                  | (AC +3) [demonic ancestry]
  1818 | D:3      | Reached XP level 4. HP: 37/37 MP: 4/4
  2002 | D:3      | Reached *** piety under Trog
  2110 | D:3      | Gained mutation: You have a small tail. [demonic ancestry]
  2110 | D:3      | Reached XP level 5. HP: 42/43 MP: 5/5
  2127 | D:3      | Identified the +0 hat of Sunlight {rCorr Int+2 Slay+2
                  | Stlth-}
  2667 | D:4      | Noticed Blork the orc
  2685 | D:4      | Killed Blork the orc
  2686 | D:4      | Reached skill level 5 in Fighting
  2696 | D:4      | Reached skill level 5 in Axes
  2696 | D:4      | Gained mutation: Your demonic aura often causes spilled
                  | blood to erupt in flames. [demonic ancestry]
  2696 | D:4      | Reached XP level 6. HP: 46/51 MP: 6/6
  2814 | D:4      | Noticed Duvessa
  2814 | D:4      | Noticed Dowan
  2843 | D:4      | Killed Duvessa
  2847 | D:4      | Killed Dowan
  2908 | D:4      | Found an ornate altar of the Wu Jian Council.
  2989 | D:4      | Reached XP level 7. HP: 46/57 MP: 7/7
  3199 | D:4      | Reached **** piety under Trog
  3312 | D:4      | Found a runed translucent door.
  3312 | D:4      | Noticed a human
  3316 | D:4      | Found a basalt altar of Yredelemnul.
  3325 | D:4      | Killed a human
  3326 | D:4      | Reached skill level 6 in Fighting
  3351 | D:4      | Found a hazy altar of Hepliaklqana.
  3482 | D:5      | Entered Level 5 of the Dungeon
  3630 | D:5      | Noticed Sigmund
  3637 | D:5      | Killed Sigmund
  3730 | D:5      | Reached XP level 8. HP: 64/65 MP: 8/8
  3761 | D:5      | Identified the +2 scale mail of the Nexus {+Blink Str+6
                  | Int-3}
  3782 | D:5      | Noticed Menkaure
  3804 | D:4      | Reached skill level 7 in Fighting
  4149 | D:5      | Found a runed translucent door.
  4568 | D:5      | Reached skill level 8 in Fighting
  4665 | D:5      | Reached ***** piety under Trog
  4818 | D:6      | Reached skill level 9 in Fighting
  4833 | D:6      | Gained mutation: You are completely covered in molten
                  | scales. (AC +4, rF+) [demonic ancestry]
  4833 | D:6      | Reached XP level 9. HP: 51/76 MP: 9/9
  5060 | D:6      | Found a transporter.
  5063 | D:6      | Noticed pk666's ghost (novice DEFE)
  5253 | D:6      | Found a shimmering blue altar of Sif Muna.
  5282 | D:6      | Found a transporter.
  5360 | D:6      | Killed pk666's ghost
  5361 | D:6      | Reached skill level 10 in Fighting
  5533 | D:6      | Found a broken altar of Ashenzari.
  5545 | D:6      | Found a staircase to the Ecumenical Temple.
  5861 | D:7      | Reached skill level 5 in Armour
  6051 | D:7      | Noticed Joseph
  6105 | D:7      | Killed Joseph
  6106 | D:7      | Reached skill level 11 in Fighting
  6709 | D:5      | Killed Menkaure
  6822 | D:8      | Gained mutation: You sometimes gain a little power by
                  | taking damage. [demonic ancestry]
  6822 | D:8      | Reached XP level 10. HP: 86/88 MP: 10/10
  7483 | D:9      | Found a sacrificial altar of Ru.
  7491 | D:9      | Received a gift from Trog
  7665 | D:9      | Noticed a deep elf pyromancer
  7669 | D:9      | Killed a deep elf pyromancer
  7670 | D:9      | Reached skill level 12 in Fighting
  7985 | D:9      | Noticed a two-headed ogre
  7991 | D:9      | Noticed a two-headed ogre
  8009 | D:9      | Killed a two-headed ogre
  8010 | D:9      | Reached skill level 13 in Fighting
  8075 | D:9      | Killed a two-headed ogre
  8076 | D:9      | Gained mutation: Your hexes are more powerful. [demonic
                  | ancestry]
  8076 | D:9      | Reached XP level 11. HP: 79/98 MP: 3/11
  8230 | D:9      | Found a snail-covered altar of Cheibriados.
  8478 | D:10     | Entered Level 10 of the Dungeon
  8623 | D:10     | Received a gift from Trog
  8663 | D:10     | Found an opulent altar of Gozag.
  8683 | D:10     | Identified the ring "Puaduz" {rC+ SInv}
  8737 | D:10     | Reached skill level 14 in Fighting
  8762 | D:10     | Found an ancient bone altar of Kikubaaqudgha.
  9136 | D:10     | Identified the +3 long sword "Himass" {drain, rElec rN+
                  | Will+}
  9310 | D:10     | Noticed an oklob plant
  9359 | D:10     | Found a staircase to the Lair.
  9389 | D:10     | Found a staircase to the Orcish Mines.
  9394 | Orc:1    | Entered Level 1 of the Orcish Mines
  9683 | Orc:2    | Entered Level 2 of the Orcish Mines
  9683 | Orc:2    | Noticed an orc sorcerer
  9684 | Orc:2    | Noticed an orc high priest
  9864 | D:10     | Found a sparkling altar of Nemelex Xobeh.
 10139 | D:11     | Reached skill level 15 in Fighting
 10203 | D:11     | Found Saaphats's Specific Store.
 10203 | D:11     | Noticed a boulder beetle
 10241 | D:11     | Killed a boulder beetle
 10331 | D:11     | Found Ilefyn's General Store.
 10346 | D:11     | Bought a potion of attraction for 45 gold pieces
 10346 | D:11     | Bought a scroll of teleportation for 45 gold pieces
 10449 | D:11     | Noticed a two-headed ogre
 10456 | D:11     | Killed a two-headed ogre
 10693 | D:11     | Reached skill level 5 in Dodging
 11059 | D:11     | Noticed a two-headed ogre
 11063 | D:11     | Killed a two-headed ogre
 11318 | D:12     | Reached XP level 12. HP: 88/109 MP: 4/12
 11902 | D:12     | Noticed a frost giant
 11904 | D:12     | Noticed a tengu warrior
 11905 | D:12     | Noticed an ogre mage
 11911 | D:12     | Killed a frost giant
 11915 | D:12     | Reached skill level 10 in Axes
 11921 | D:12     | Killed a tengu warrior
 12310 | D:12     | Killed an ogre mage
 12783 | Orc:2    | Noticed a boulder beetle
 12787 | Orc:1    | Received a gift from Trog
 12797 | Orc:1    | Killed an orc high priest
 12808 | Orc:1    | Killed a boulder beetle
 12899 | Orc:2    | Found a staircase to the Elven Halls.
 12986 | Orc:2    | Noticed a two-headed ogre
 12986 | Orc:2    | Noticed a two-headed ogre
 12987 | Orc:2    | Noticed a two-headed ogre
 12999 | Orc:2    | Killed a two-headed ogre
 13000 | Orc:2    | Noticed a two-headed ogre
 13000 | Orc:2    | Noticed a two-headed ogre
 13003 | Orc:2    | Killed a two-headed ogre
 13003 | Orc:2    | Killed a two-headed ogre
 13006 | Orc:2    | Killed a two-headed ogre
 13007 | Orc:2    | Killed a two-headed ogre
 13008 | Orc:2    | Reached XP level 13. HP: 102/115 MP: 13/13
 13222 | Orc:2    | Received a gift from Trog
 13890 | Orc:2    | Found Vupivo's Antique Weapon Boutique.
 13890 | Orc:2    | Found Orif's Weapon Shoppe.
 13891 | Orc:2    | Found Ynuv's Antique Armour Shoppe.
 13891 | Orc:2    | Found Muoscho's Book Shop.
 13898 | Orc:2    | Bought an ichor-stained hand axe for 288 gold pieces
 13898 | Orc:2    | Identified the +1 hand axe "Timul" {elec, Fly} (You bought
                  | it in a shop on level 2 of the Orcish Mines)
 14314 | Lair:1   | Entered Level 1 of the Lair of Beasts
 14377 | Lair:1   | Gained mutation: You possess an exceptional clarity of
                  | mind. [potion of mutation]
 14377 | Lair:1   | Gained mutation: Your muscles are strong. (Str +4, Int/Dex
                  | -1) [potion of mutation]
 14377 | Lair:1   | Gained mutation: You are covered in fur. (AC +1) [potion of
                  | mutation]
 14377 | Lair:1   | Gained mutation: You expend magic power (3 MP) to
                  | strengthen your wands. [potion of mutation]
 14581 | Lair:1   | Found a gate leading to a gauntlet.
 14600 | Lair:1   | Identified the amulet "Zinibaobbi" {Spirit rElec rC+
                  | Slay+5}
 14640 | Lair:1   | Noticed Amaemon
 14661 | Lair:1   | Killed Amaemon
 14879 | Lair:1   | Reached ****** piety under Trog
 15275 | Lair:1   | Received a gift from Trog
 15365 | Lair:2   | Lost mutation: Your muscles are strong. (Str +4, Int/Dex
                  | -1) [potion of mutation]
 15365 | Lair:2   | Lost mutation: You possess an exceptional clarity of mind.
                  | [potion of mutation]
 15365 | Lair:2   | Gained mutation: You occasionally shout uncontrollably at
                  | your foes. [potion of mutation]
 15376 | Lair:2   | Noticed Vorhees's ghost (journeyman GrFi)
 15378 | Lair:2   | Noticed a minotaur
 15445 | Lair:2   | Noticed Urug
 15468 | Lair:2   | Killed Urug
 15469 | Lair:2   | Reached XP level 14. HP: 72/123 MP: 14/14
 15628 | Lair:2   | Reached skill level 15 in Axes
 15638 | Lair:2   | Found a staircase to the Snake Pit.
 15898 | Lair:2   | Found a runed translucent gate.
 15899 | Lair:2   | Found a runed translucent gate.
 15899 | Lair:2   | Found a runed translucent gate.
 15913 | Lair:2   | HP: 6/123 [skyshark (9)]
 16178 | Lair:2   | Killed Vorhees's ghost
 16901 | Lair:3   | Received a gift from Trog
 17199 | Lair:3   | Noticed Snorg
 17204 | Lair:3   | Killed Snorg
 17241 | Lair:3   | Found a staircase to the Shoals.
 17735 | Lair:3   | Found a runed translucent door.
 17739 | Lair:3   | Noticed Rupert
 17751 | Lair:3   | Killed Rupert
 18052 | Lair:4   | Received a gift from Trog
 18163 | Lair:4   | Reached skill level 10 in Armour
 18655 | Lair:4   | Identified the amulet "Sunub" {RegenMP rElec Slay+3}
 19357 | Lair:5   | Entered Level 5 of the Lair of Beasts
 19360 | Lair:5   | Reached XP level 15. HP: 129/129 MP: 15/15
 19402 | Lair:5   | Received a gift from Trog
 19502 | Lair:5   | Paralysed by a hornet for 3 turns
 19812 | Lair:5   | Reached skill level 10 in Dodging
 19825 | Lair:5   | HP: 6/129 [something/ball of steam (5)]
 20419 | Lair:5   | Identified the amulet of Morogubo {Faith SInv}
 21248 | D:13     | Received a gift from Trog
 21896 | D:13     | Found a gate to the Vaults.
 22849 | D:14     | Noticed Lodul
 22862 | D:14     | Killed Lodul
 23345 | D:14     | Reached XP level 16. HP: 138/138 MP: 16/16
 23396 | D:14     | Noticed a sphinx
 23404 | D:14     | Reached skill level 16 in Fighting
 23409 | D:14     | Killed a sphinx
 23454 | D:14     | Identified the +5 whip "Olea" {heavy, rC+}
 23695 | Snake:1  | Entered Level 1 of the Snake Pit
 23888 | Snake:1  | Reached skill level 17 in Fighting
 23890 | Snake:1  | Noticed Aizul
 23903 | Snake:1  | Killed Aizul
 23903 | Snake:1  | Received a gift from Trog
 23947 | Snake:1  | Found a runed translucent gate.
 23947 | Snake:1  | Found a runed translucent gate.
 23948 | Snake:1  | Found a runed translucent gate.
 23952 | Snake:1  | Noticed Douf's ghost (adept MiBe)
 23952 | Snake:1  | Noticed Unotosimoa's ghost (adept GrFi)
 23973 | Snake:1  | Lost mutation: You are covered in fur. (AC +1) [potion of
                  | mutation]
 23973 | Snake:1  | Lost mutation: You expend magic power (3 MP) to strengthen
                  | your wands. [potion of mutation]
 23973 | Snake:1  | Gained mutation: Your spells are a little harder to cast,
                  | but a little more powerful. [potion of mutation]
 23973 | Snake:1  | Gained mutation: You have a pair of small horns on your
                  | head. [potion of mutation]
 23973 | Snake:1  | Gained mutation: You sometimes lose your temper in combat.
                  | [potion of mutation]
 24568 | Snake:1  | Killed Douf's ghost
 24577 | Snake:1  | Killed Unotosimoa's ghost
 24840 | Snake:2  | Reached skill level 18 in Fighting
 25330 | Snake:2  | Noticed Asterion
 25337 | Snake:2  | Killed Asterion
 25798 | Snake:3  | Received a gift from Trog
 25928 | Snake:3  | Found Cinir's Antique Weapon Shoppe.
 26081 | Snake:3  | Reached skill level 19 in Fighting
 26088 | Snake:3  | Gained mutation: You have a tail ending in a sharp stinger.
                  | [demonic ancestry]
 26088 | Snake:3  | Reached XP level 17. HP: 139/153 MP: 17/17
 26217 | Snake:3  | Noticed bmj180's ghost (adept MfIE)
 26237 | Snake:3  | Found a transporter.
 26241 | Snake:3  | Found a transporter.
 26542 | Snake:3  | Killed bmj180's ghost
 26839 | Snake:4  | Entered Level 4 of the Snake Pit
 27696 | Snake:4  | Received a gift from Trog
 27697 | Snake:4  | Reached skill level 20 in Fighting
 27727 | Snake:4  | Noticed a quicksilver dragon
 27734 | Snake:4  | Noticed a quicksilver dragon
 27742 | Snake:4  | Killed a quicksilver dragon
 27768 | Snake:4  | Killed a quicksilver dragon
 27780 | Snake:4  | HP: 7/156 [salamander tyrant/flame surge (14)]
 27786 | Snake:4  | Killed from afar by a nagaraja

Illustrated notes

Levels and vault maps discovered:
D:1:      minmay_arrival_checkered_box, layout_basic,
          shapermc_ecumenical_altar_venn
D:2:      layout_rooms, serial_shops, shop, nrook_mini_vaults
D:3:      kennysheep_slugbush, layout_basic, hellmonk_no_cap
D:4:      layout_basic, dk_yredelemnul_ordeal, nicolae_overflow_crystal_walls,
          nzn_wu_jian_contemplation, uniq_blork_the_orc, uniq_duvessa
D:5:      layout_loops_ring, lightli_church_of_beogh, uniq_sigmund,
          uniq_menkaure
D:6:      layout_loops_ring, mainiacjoe_overflow_surrounded_room,
          cheibrodos_ashenzari_chains, temple_green, gammafunk_ghost_arena
D:7:      layout_basic, uniq_joseph
D:8:      layout_basic
D:9:      minmay_goldmine, layout_irregular_city,
          nicolae_ru_sacrificial_ziggurat, kennysheep_slug_shrine,
          kennysheep_just_a_vault
D:10:     layout_rooms, grunt_gozag_breadcrumbs,
          nicolae_kikubaaqudgha_miasma_corner, nemelex_spade_bored_becter,
          dpeg_oklobed_lair, orc_0_dummy, minivault_8
D:11:     layout_gridville, portal_ice_cave_entry_ice_simulacra,
          nicolae_specific_store
D:12:     nzn_winding_woodlands_small [nzn_winding_woodlands_5x15_cabin,
          nzn_winding_woodlands_center_pierced_h,
          nzn_winding_woodlands_5x15_river_crossing], layout_cave_pools
D:13:     kennysheep_blocky_hall, layout_basic, grunt_vaults_entry_fortified
D:14:     minmay_tearing_corner, layout_irregular_city, roderic_roman_lattice,
          uniq_lodul
Lair:1:   lemuel_slime, layout_long_grid, gauntlet_entry_generic,
          serial_bayou_shore_b, uniq_amaemon
Lair:2:   layout_chaotic_city, minmay_snake_entry_guardpost_large,
          maelrawn_ghost_gauntlet_escape, chequers_serial_rivers_large_a,
          uniq_urug
Lair:3:   layout_cave_shapes, nicolae_shoals_entry_roost, special_room
          [special_room_bee], serial_bayou_pond_e,
          pdpol_lair_cabin_in_the_woods, uniq_snorg
Lair:4:   layout_hall_layers, minmay_slime_entry_oklob_enclosed,
          nicolae_lair_run_with_the_wolves, wad_woods_river_01
Lair:5:   gammafunk_lair_ancient_temple, layout_small_grid,
          nicolae_lair_time_for_slime
Snake:1:  layout_misc_corridors, gammafunk_ghost_cemetery, uniq_aizul
Snake:2:  layout_misc_corridors, nicolae_triple_integral, uniq_asterion
Snake:3:  layout_rooms, gammafunk_ghost_arena, serial_shops, shop, st_stairs_14
Snake:4:  hellmonk_snake_rune_quicksilver_temple, layout_cave_town,
          nicolae_snake_gridmaze_tees, serial_bayou_pond_e,
          nicolae_snake_flat_spine
Orc:1:    layout_caves
Orc:2:    st_orc_ogre_mass, layout_caves, rock_pile

Skill      XL: |  1  2  3  4  5  6  7  8  9 10 11 12 13 14 15 16 17 |
---------------+----------------------------------------------------+-----
Axes           | 3 4 5 7 8 12 14 16 | 16.1
Fighting       | 4 5 6 9 11 13 15 19 20 | 20.4
Armour         | 2 3 6 7 11 | 11.4
Dodging        | 2 5 7 12 13 | 13.2
Evocations     | |  0.4

Action                     |  1- 3 |  4- 6 |  7- 9 | 10-12 | 13-15 | 16-18 || total
---------------------------+-------+-------+-------+-------+-------+-------++-------
  Melee: Hand axe          |   158 |   157 |    24 |       |       |       ||   339
         Punch             |       |     4 |       |       |       |       ||     4
         Tailslap          |       |     9 |    25 |    86 |   110 |    85 ||   315
         War axe           |       |       |   227 |    45 |       |       ||   272
         Battleaxe         |       |       |       |   316 |       |       ||   316
         Executioner's axe |       |       |       |    37 |   590 |   380 ||  1007
         Headbutt          |       |       |       |       |       |    85 ||    85
 Invoke: Berserk           |       |     2 |     3 |     2 |     7 |     4 ||    18
         Trog's Hand       |       |       |     5 |     4 |     4 |     1 ||    14
         Brothers in Arms  |       |       |       |       |     7 |     7 ||    14
Ability: Evoke Blink       |       |       |       |       |     1 |       ||     1
  Evoke: Wand              |       |       |       |     2 |     6 |     2 ||    10
    Use: Scroll            |       |       |     3 |     8 |    14 |     2 ||    27
         Potion            |       |       |     3 |     7 |    13 |     6 ||    29
 Armour: Animal skin       |     1 |       |       |       |       |       ||     1
         Leather armour    |    57 |    34 |    11 |       |       |       ||   102
         Scale mail        |       |       |    69 |   210 |   292 |    21 ||   592
         Skin              |       |       |    17 |       |     2 |       ||    19
         Plate armour      |       |       |       |       |       |   258 ||   258
  Dodge: Dodged            |    84 |   111 |   200 |   544 |   764 |   471 ||  2174

Table legend: (Time is in decaauts)
 A = Elapsed time spent in this place.
 B = Non-inter-level travel time spent in this place.
 C = Inter-level travel time spent in this place.
 D = Time resting spent in this place.
 E = Time spent auto-exploring this place.
 F = Levels seen in this place.
 G = Mean time per level.
                   A        B        C        D        E       F      G
               +--------+--------+--------+--------+--------+-----+--------+
         Total |  28449 |  27333 |   1116 |   5443 |  15469 |  25 | 1138.0 |
       Dungeon |  15516 |  14770 |    746 |   2663 |   8621 |  14 | 1108.3 |
          Lair |   6840 |   6622 |    218 |   1541 |   3644 |   5 | 1368.0 |
     Snake Pit |   4228 |   4127 |    101 |    683 |   2434 |   4 | 1057.0 |
  Orcish Mines |   1864 |   1814 |     50 |    555 |    770 |   2 |  932.0 |
               +--------+--------+--------+--------+--------+-----+--------+

Top non-repeatable levels by time:
    D:13: 1712 daAuts
    D:11: 1616 daAuts
  Lair:2: 1613 daAuts
  Lair:4: 1612 daAuts
  Lair:5: 1291 daAuts
    D:12: 1285 daAuts
  Lair:3: 1282 daAuts
     D:5: 1264 daAuts
    D:10: 1248 daAuts
 Snake:1: 1176 daAuts
     D:9: 1164 daAuts
     D:3: 1070 daAuts
 Snake:3: 1070 daAuts
  Lair:1: 1040 daAuts
     D:4: 1031 daAuts
